 Dungeon Crawl Stone Soup version 0.23.1 (webtiles) character file.

Game seed: 3441819418641069710

296 Borgoz the Sneak (level 6, -5/48 HPs)
             Began as a Ghoul Enchanter on Mar 14, 2019.
             Slain by a worker ant (6 damage)
             ... on level 4 of the Dungeon.
             The game lasted 00:06:42 (4860 turns).

Borgoz the Sneak (Ghoul Enchanter)                  Turns: 4860, Time: 00:06:43

Health: -5/48      AC:  5    Str: 12    XL:     6   Next: 35%
Magic:  1/7        EV: 11    Int: 10    God:
Gold:   125        SH:  0    Dex: 11    Spells: 5/8 levels left

rFire    + . .     SeeInvis .   a - +1 dagger
rCold    + + .     Gourm    .   (no shield)
rNeg     + + +     Faith    .   h - +0 ring mail
rPois    ∞         Spirit   .   (no helmet)
rElec    +         Reflect  .   (no cloak)
rCorr    +         Harm     .   (no gloves)
MR       .....                  (no boots)
Stlth    ++........             (no amulet)
HPRegen  0.00/turn              (no ring)
MPRegen  0.10/turn              (no ring)

@: resistant, very slightly contaminated, rotting
A: rotting body, claws 1, carnivore, cold resistance 1, negative energy
resistance 3, inhibited regeneration, torment resistance, unbreathing
a: no special abilities


You were on level 4 of the Dungeon.
You were not hungry.

You visited 1 branch of the dungeon, and saw 4 of its levels.

You collected 125 gold pieces.

Inventory:

Hand Weapons
 a - a +1 dagger (weapon)
Missiles
 k - 16 poisoned needles
Armour
 b - a +0 robe
 h - a +0 ring mail (worn)
Scrolls
 c - 3 scrolls of identify
 e - a scroll of immolation
 f - a scroll of teleportation {unknown}
 j - a scroll of magic mapping {unknown}
 l - a scroll of fear {unknown}
Potions
 i - a potion of agility
Comestibles
 d - 7 rations


   Skills:
 + Level 1.9 Fighting
 * Level 2.7 Short Blades
 * Level 2.6 Armour
 * Level 3.2 Dodging
 + Level 4.2 Stealth
 - Level 1.7 Spellcasting
 - Level 2.4 Hexes


You had 5 spell levels left.
You knew the following spells:

 Your Spells              Type           Power        Failure   Level  Hunger
a - Corona                Hex            #......      26%         1    ##.....
b - Ensorcelled Hibernat  Hex/Ice        #.....       54%         2    ###....

Your spell library contained the following spells:

 Spells                   Type           Power        Failure   Level  Hunger
 Confuse                  Hex            #.......     61%         3    ####...
 Tukima's Dance           Hex            #.......     61%         3    ####...
 Dazzling Spray           Conj/Hex       #.....       78%         3    ####...


Dungeon Overview and Level Annotations

Branches:
Dungeon (4/15)
 Temple: D:4-7

Altars:
Dithmenos
Hepliaklqana
Nemelex Xobeh
Uskayaw

Annotations:
D:3 Grinder


Innate Abilities, Weirdness & Mutations

Your body is rotting away.
You thrive on raw meat.
You are immune to poison.
You have sharp fingernails.
You are carnivorous and can eat meat at any time.
Your flesh is cold resistant. (rC+)
You are immune to negative energy. (rN+++)
You do not regenerate when monsters are visible.
You are immune to unholy pain and torment.
You can survive without breathing.


Message History

* * * LOW HITPOINT WARNING * * *
The worker ant barely misses you. The worker ant bites you.
* * * LOW HITPOINT WARNING * * *
You hit the worker ant.
The worker ant is severely wounded.
The worker ant bites you but does no damage.
You hit the worker ant but do no damage.
The worker ant is severely wounded.
The worker ant bites you.
* * * LOW HITPOINT WARNING * * *
Casting: Ensorcelled Hibernation (safe; 54% risk of failure)
Confirm with . or Enter, or press ? or * to list all spells.
You don't have enough magic to cast that spell.
Unknown command.
You barely miss the worker ant.
The worker ant is severely wounded.
You are no longer glowing.
The worker ant bites you.
You die...

###### #.....
#'#### ♣.♣ #
########## ##.## #
#........#♣#.#.#♣#
#........'..#.#..'
#@.......#♣#.#(#♣#
#.a......# ##.## #
#........# ♣.♣ #
#........####'####
#.........#.......
#.).......##.(....
...#######..#......
#.### #.#..#... #.
#........


You could see a worker ant.

Vanquished Creatures
  A scorpion (D:4)
  A howler monkey (D:3)
  A hound (D:4)
  A bullfrog skeleton (D:4)
  2 hound skeletons (D:4)
  5 adders
  An ooze (D:1)
  4 worms
  4 dart slugs (D:1)
  2 leopard geckos
  An orc (D:3)
  A ball python (D:1)
  4 giant cockroaches
  4 goblins
  7 hobgoblins
  5 jackals
  2 quokkas (D:2)
  A bat (D:1)
  4 frilled lizards
  3 kobolds
  4 rats
58 creatures vanquished.

Vanquished Creatures (others)
  4 plants (D:4)
4 creatures vanquished.

Grand Total: 62 creatures vanquished

Notes
Turn   | Place    | Note
-------+----------+-------------------------------------------
     0 | D:1      | Borgoz the Ghoul Enchanter began the quest for the Orb.
     0 | D:1      | Reached XP level 1. HP: 14/14 MP: 2/2
   109 | D:1      | Reached skill level 1 in Short Blades
   326 | D:1      | Reached XP level 2. HP: 14/20 MP: 3/3
  1048 | D:1      | Reached skill level 1 in Armour
  1048 | D:1      | Reached XP level 3. HP: 26/27 MP: 4/4
  1950 | D:2      | Learned a level 2 spell: Ensorcelled Hibernation
  1968 | D:2      | Found a sparkling altar of Nemelex Xobeh.
  2724 | D:2      | Reached skill level 1 in Fighting
  2853 | D:2      | Reached XP level 4. HP: 17/35 MP: 5/5
  3309 | D:3      | Found a hazy altar of Hepliaklqana.
  3557 | D:3      | Reached XP level 5. HP: 23/40 MP: 2/6
  3755 | D:3      | Noticed Grinder
  3766 | D:3      | Paralysed by Grinder for 5 turns
  3776 | D:3      | Paralysed by Grinder for 7 turns
  3786 | D:4      | Identified the cursed +3 halberd "Teucsuu" {vamp, *Corrode
                  | rElec rC- MP+9}
  4224 | D:4      | Found a hide-covered altar of Uskayaw.
  4225 | D:4      | Found a shadowy altar of Dithmenos.
  4260 | D:4      | Reached skill level 4 in Stealth
  4431 | D:4      | Reached XP level 6. HP: 24/48 MP: 7/7
  4859 | D:4      | HP: 1/48 [worker ant (3)]
  4860 | D:4      | Slain by a worker ant

Skill      XL: |  1  2  3  4  5 |
---------------+----------------+-----
Short Blades   | 1 2 |  2.7
Dodging        | 2 3 |  3.2
Armour         | 1 2 |  2.6
Fighting       | 1 |  1.9
Stealth        | 4 |  4.2
Spellcasting   | |  1.7
Hexes          | |  2.4

Action                   |  1- 3 |  4- 6 || total
-------------------------+-------+-------++-------
Melee: Dagger            |   191 |   263 ||   454
 Cast: Ensorcelled Hiber |     3 |    10 ||    13
       Corona            |       |     1 ||     1
  Use: Potion            |     1 |     5 ||     6
       Scroll            |       |     2 ||     2
 Stab: Sleeping          |     6 |     4 ||    10
  Eat: Chunk             |     9 |    14 ||    23
Armor: Ring mail         |    46 |   114 ||   160
       Robe              |     2 |       ||     2
Dodge: Dodged            |    74 |   228 ||   302
